[Event "Titled Tuesday Blitz March 01 Early 2022"]
[White "Cruz Ravina, Francisco Javier"]
[Black "Gutenev, Alexander"]
[WhiteFideId "2228939"]
[BlackFideId "4195540"]
[WhiteElo "2491"]
[BlackElo "2403"]
[Result "1/2-1/2"]
[Round "04"]
[TimeControl "180+1"]
[Date "2022.03.01"]
[WhiteClock "0:00:02"]
[BlackClock "0:00:02"]

1. Nf3 f5 2. d3 d6 3. e4 e5 4. Nc3 Nf6 5. g3 Be7 6. Bg2 O-O 7. exf5 Bxf5 8. O-O Bg4 9. h3 Bh5 10. Qe1 Nc6 11. Nh4 Qd7 12. f4 Rae8 13. f5 Bf7 14. g4 Nd4 15. Qf2 h6 16. Nf3 Nxf3+ 17. Bxf3 Nh7 18. Bd5 c6 19. Bxf7+ Rxf7 20. Qxa7 d5 21. Qf2 b5 22. a3 Ref8 23. Qg2 Bg5 24. Bxg5 Nxg5 25. Rae1 Qd6 26. Rf2 h5 27. Rfe2 Re7 28. Qg3 h4 29. Qg2 Rfe8 30. Kh1 Kh7 31. Qf2 Kg8 32. Kg2 e4 33. dxe4 d4 34. Qxh4 dxc3 35. Qxg5 cxb2 36. f6 Rf7 37. e5 Qd5+ 38. Kh2 c5 39. Qg6 b1=Q 40. Rxb1 Rxe5 41. Rbe1 Rxe2+ 42. Rxe2 Qd6+ 43. Kg2 Qc6+ 44. Kh2 Qd6+ 45. Kg2 Qc6+ 46. Kh2 Qd6+ 1/2-1/2


[Site "https://www.chess.com"]

[Event "Titled Tuesday Blitz March 01 Early 2022"]
[White "Danielian, Vardan"]
[Black "Ovezdurdyyeva, Jemal"]
[WhiteFideId "13301594"]
[BlackFideId "14001888"]
[WhiteElo "2482"]
[BlackElo "1946"]
[Result "1-0"]
[Round "04"]
[TimeControl "180+1"]
[Date "2022.03.01"]
[WhiteClock "0:00:20"]
[BlackClock "0:00:07"]

1. Nf3 Nf6 2. g3 g6 3. Bg2 d5 4. O-O Bg7 5. d4 O-O 6. c4 c6 7. cxd5 Nxd5 8. Nc3 Bg4 9. e4 Nxc3 10. bxc3 Qd7 11. Qe2 Bh3 12. Bf4 Bxg2 13. Kxg2 b6 14. Rad1 Qb7 15. c4 Nd7 16. Rfe1 Rfe8 17. d5 Nc5 18. Be5 f6 19. Ba1 e5 20. Bb2 Rad8 21. h4 b5 22. dxc6 Qxc6 23. cxb5 Qb7 24. Rxd8 Rxd8 25. Qc4+ Kh8 26. Qxc5 Rc8 27. Qd5 Qb6 28. Rd1 h5 29. Rd2 Kh7 30. Qf7 Rc7 31. Rd7 Rxd7 32. Qxd7 a6 33. bxa6 Qxa6 34. Qd5 Bf8 35. Bxe5 fxe5 36. Ng5+ Kh6 37. Qg8 Qf6 38. Qh7# 1-0


[Site "https://www.chess.com"]

[Event "Titled Tuesday Blitz March 01 Early 2022"]
[White "De Silva, L M S T"]
[Black "Svane, Rasmus"]
[WhiteFideId "9953698"]
[BlackFideId "4657101"]
[WhiteElo "1631"]
[BlackElo "2645"]
[Result "1-0"]
[Round "04"]
[TimeControl "180+1"]
[Date "2022.03.01"]
[WhiteClock "0:00:13"]
[BlackClock "0:00:03"]

1. e4 c6 2. d4 d5 3. Nc3 dxe4 4. Nxe4 Nf6 5. Nxf6+ exf6 6. c3 Bd6 7. Bd3 O-O 8. Ne2 Re8 9. Qc2 h5 10. O-O h4 11. h3 Nd7 12. Bd2 Nf8 13. Rae1 Be6 14. c4 Rc8 15. b3 Bb8 16. f4 Bd7 17. f5 Nh7 18. Nc3 Rxe1 19. Bxe1 Qc7 20. g4 hxg3 21. Ne4 Re8 22. Bxg3 Qd8 23. Qh2 Bxg3 24. Qxg3 Bc8 25. Nd6 Re7 26. c5 b6 27. b4 Bd7 28. h4 bxc5 29. bxc5 Qa5 30. Bc4 Qd2 31. Qf4 Qc3 32. Bb3 Qh3 33. Nxf7 Rxf7 34. Re1 Kf8 35. Qb8+ 1-0


[Site "https://www.chess.com"]

[Event "Titled Tuesday Blitz March 01 Early 2022"]
[White "De Souza Sa, Apolo"]
[Black "Jaskolka, Tomasz"]
[WhiteFideId "324225390"]
[BlackFideId "1170791"]
[WhiteElo "1828"]
[BlackElo "2054"]
[Result "0-1"]
[Round "04"]
[TimeControl "180+1"]
[Date "2022.03.01"]
[WhiteClock "0:02:04"]
[BlackClock "0:01:01"]

1. d4 Nf6 2. c4 e6 3. g3 Bb4+ 4. Nd2 O-O 5. Bg2 c5 6. Nf3 Nc6 7. dxc5 Bxc5 8. O-O b6 9. a3 a5 10. b3 Bb7 11. Bb2 h6 12. Qc2 Rc8 13. Rfd1 Qe7 14. Ne4 Nxe4 15. Qxe4 d6 16. Qh4 f5 17. Rd2 f4 18. Rad1 Qxh4 19. Nxh4 fxg3 20. hxg3 Rxf2 21. Kh1 Rcf8 22. Ng6 Rxg2 23. Kxg2 Ne5+ 0-1


[Site "https://www.chess.com"]

[Event "Titled Tuesday Blitz March 01 Early 2022"]
[White "Deac, Bogdan-Daniel"]
[Black "Mosadeghpour, Masoud"]
[WhiteFideId "1226380"]
[BlackFideId "12519278"]
[WhiteElo "3029"]
[BlackElo "2818"]
[Result "1-0"]
[Round "04"]
[TimeControl "180+1"]
[Date "2022.03.01"]
[WhiteClock "0:00:07"]
[BlackClock "0:00:02"]

1. e4 c5 2. Nf3 d6 3. d4 cxd4 4. Nxd4 Nf6 5. Nc3 Nc6 6. Bg5 e6 7. Bb5 Bd7 8. Qd3 h6 9. Bh4 g5 10. Bg3 Ne5 11. Qe2 a6 12. Bxd7+ Nfxd7 13. h4 Rg8 14. hxg5 hxg5 15. O-O-O Rc8 16. Nb3 Qb6 17. f3 Bg7 18. Bf2 Qc7 19. Bd4 b5 20. a3 Nc5 21. Kb1 Na4 22. Nc1 Nxb2 23. Kxb2 Qa5 24. Nb3 Qc7 25. Ka2 Ke7 26. Rh7 Bf6 27. g3 Nc4 28. Bxf6+ Kxf6 29. f4 gxf4 30. gxf4 Nxa3 31. e5+ dxe5 32. fxe5+ Ke7 33. Qf3 Rgf8 34. Kxa3 Qxc3 35. Qf6+ Ke8 36. Rd2 b4+ 37. Ka2 Qc6 38. Rf2 Qa4+ 39. Kb1 Qd7 40. Rh8 Rxh8 41. Qxh8+ Ke7 42. Qf6+ Ke8 43. Qh8+ Ke7 44. Qh4+ Ke8 45. Qg5 Qc6 46. Qg8+ Kd7 47. Rxf7# 1-0


[Site "https://www.chess.com"]

[Event "Titled Tuesday Blitz March 01 Early 2022"]
[White "Derraugh, Geordie"]
[Black "San, Thit Lwin"]
[WhiteFideId "2603950"]
[BlackFideId "13001272"]
[WhiteElo "2116"]
[BlackElo "2232"]
[Result "1-0"]
[Round "04"]
[TimeControl "180+1"]
[Date "2022.03.01"]
[WhiteClock "0:00:15"]
[BlackClock "0:00:05"]

1. e4 Nf6 2. e5 Nd5 3. c4 Nb6 4. c5 Nd5 5. d4 e6 6. Nc3 d6 7. exd6 cxd6 8. cxd6 Bxd6 9. Nf3 Nc6 10. Bc4 Nb6 11. Bb3 O-O 12. O-O Bd7 13. Re1 Rc8 14. Bg5 Be7 15. Bf4 Na5 16. Bc2 Nac4 17. Qd3 g6 18. b3 Na3 19. Rac1 Bb4 20. Bd1 Bxc3 21. Rxc3 Rxc3 22. Qxc3 Nd5 23. Qd2 Nxf4 24. Qxf4 Bc6 25. h4 Nb5 26. a4 Nc3 27. Ne5 Bd5 28. Bc2 f6 29. Nxg6 hxg6 30. Qg3 Qe7 31. Qxc3 f5 32. Qg3 Kh7 33. Bd1 Rc8 34. h5 g5 35. Qe5 Qb4 36. Bf3 Qd2 37. Bxd5 exd5 38. Qxf5+ Kh8 39. Qf6+ Kh7 40. Re7+ Kg8 41. Qg7# 1-0


[Site "https://www.chess.com"]

[Event "Titled Tuesday Blitz March 01 Early 2022"]
[White "Di Nicolantonio, Lucas"]
[Black "Makarian, Rudik"]
[WhiteFideId "680460"]
[BlackFideId "44105681"]
[WhiteElo "2381"]
[BlackElo "2486"]
[Result "0-1"]
[Round "04"]
[TimeControl "180+1"]
[Date "2022.03.01"]
[WhiteClock "0:00:07"]
[BlackClock "0:00:48"]

1. d4 Nf6 2. Bg5 e6 3. e4 h6 4. Bxf6 Qxf6 5. c3 b6 6. g3 Bb7 7. Bg2 Qe7 8. Ne2 d6 9. O-O Nd7 10. a4 a6 11. Nd2 g6 12. f4 Bg7 13. e5 Bxg2 14. Kxg2 O-O 15. Ne4 dxe5 16. dxe5 Rfd8 17. Qc2 Nc5 18. Rfd1 Rd5 19. Nd4 Qd7 20. b4 Nxe4 21. Qxe4 Rd8 22. b5 Bf8 23. Re1 axb5 24. axb5 Bc5 25. Nc6 Rd2+ 26. Kh3 Re8 27. Re2 Rd3 28. c4 Kg7 29. Kg2 h5 30. Rf1 h4 31. Rf3 Rxf3 32. Qxf3 hxg3 33. hxg3 Qd1 34. Qf1 Qd3 35. Re1 Qf5 36. Qf3 Rh8 37. g4 Qc2+ 38. Qe2 Qc3 39. Rh1 Rxh1 40. Kxh1 Qg3 41. Qg2 Qxf4 42. Qh3 Qc1+ 43. Kg2 Qg1+ 44. Kf3 Qe3+ 45. Kg2 Qf2+ 46. Kh1 Qg1# 0-1


[Site "https://www.chess.com"]

[Event "Titled Tuesday Blitz March 01 Early 2022"]
[White "Dobre, Claudiu-Cristian"]
[Black "Shafigullina, Zarina"]
[WhiteFideId "1211854"]
[BlackFideId "24174220"]
[WhiteElo "2207"]
[BlackElo "2062"]
[Result "1/2-1/2"]
[Round "04"]
[TimeControl "180+1"]
[Date "2022.03.01"]
[WhiteClock "0:00:19"]
[BlackClock "0:00:09"]

1. Nf3 Nf6 2. c4 c5 3. Nc3 g6 4. d4 cxd4 5. Nxd4 Bg7 6. e4 d6 7. Be2 O-O 8. Be3 Nbd7 9. O-O Ne5 10. f3 Bd7 11. Qd2 Rc8 12. b3 a6 13. Rfc1 Nc6 14. Nd5 Nxd5 15. cxd5 Nxd4 16. Bxd4 Bxd4+ 17. Qxd4 f5 18. b4 Qe8 19. Qb6 fxe4 20. fxe4 Bb5 21. Bxb5 Qxb5 22. Qxb5 axb5 23. g3 Kg7 24. Kg2 Kf6 25. e5+ Kxe5 26. Re1+ Kf6 27. Re6+ Kf7 28. Rf1+ Ke8 29. Rfe1 Rc2+ 30. Kh3 Rf7 31. Rxd6 Rff2 32. Re4 Rxh2+ 33. Kg4 Rc4 34. Re6 Rxe4+ 35. Rxe4 Rxa2 36. d6 h5+ 37. Kg5 Rg2 38. Rxe7+ Kd8 39. Kxg6 Rxg3+ 40. Kxh5 Rb3 41. Rxb7 Rxb4 42. Kg5 Rb1 43. Kf5 b4 44. Ke6 Re1+ 45. Kd5 Rd1+ 46. Kc5 Rc1+ 47. Kd5 Rd1+ 48. Kc6 Rc1+ 49. Kd5 Rd1+ 1/2-1/2


[Site "https://www.chess.com"]

[Event "Titled Tuesday Blitz March 01 Early 2022"]
[White "Dolzhykova, Kateryna"]
[Black "Politov, Pavel Y."]
[WhiteFideId "14113414"]
[BlackFideId "24110515"]
[WhiteElo "2165"]
[BlackElo "2090"]
[Result "1-0"]
[Round "04"]
[TimeControl "180+1"]
[Date "2022.03.01"]
[WhiteClock "0:00:20"]
[BlackClock "0:00:11"]

1. e4 c5 2. Nf3 d6 3. Bb5+ Nd7 4. O-O a6 5. Bxd7+ Bxd7 6. h3 Nf6 7. Re1 e5 8. c3 Bc6 9. d4 Qc7 10. Nbd2 b5 11. b3 g6 12. Bb2 Bg7 13. Rc1 O-O 14. b4 c4 15. Qc2 Nd7 16. Nf1 f5 17. d5 Bb7 18. Rcd1 h6 19. Nh4 f4 20. Nxg6 Rf6 21. Nh4 Kh7 22. Nh2 h5 23. Bc1 Bh6 24. Nf5 Bc8 25. Nf3 Nf8 26. Nxh6 Kxh6 27. Kh2 Bd7 28. Rg1 Ng6 29. Qe2 Rg8 30. a3 Qd8 31. Rh1 Qe7 32. Kg1 Rf7 33. Kf1 Rfg7 34. Rg1 Nh4 35. Nxh4 Qxh4 36. Ke1 Bxh3 37. g3 Qf6 38. Kd2 Bg4 39. f3 fxg3 40. fxg4 Rxg4 41. Kc2+ Kh7 42. Rdf1 Qg6 43. Rf5 g2 44. Kb1 h4 45. Qf3 Rg3 46. Qh5+ Qxh5 47. Rxh5+ Kg6 48. Rxh4 Kf7 49. Rh2 R8g7 50. Kc2 Kf6 51. Bd2 Ke7 52. Kd1 R3g4 53. Ke2 Rg3 54. Kf2 Rd3 55. Be1 Rd1 56. Rhxg2 Rxg2+ 57. Rxg2 Ra1 58. Rg7+ Ke8 59. Bd2 Rxa3 60. Ke2 a5 61. bxa5 Rxa5 62. Bg5 Ra4 63. Re7+ Kd8 64. Ra7+ Kc8 65. Rxa4 bxa4 66. Kd2 Kb7 67. Kc2 Kb6 68. Kb2 Kb5 69. Ka3 Ka5 70. Be7 Kb5 71. Bxd6 Ka5 72. Bxe5 Kb5 73. Bd4 Ka5 74. e5 Kb5 75. e6 Ka5 76. e7 Kb5 77. e8=Q+ Ka5 78. Qxa4# 1-0


[Site "https://www.chess.com"]

[Event "Titled Tuesday Blitz March 01 Early 2022"]
[White "Domingo Nunez, Alejandro"]
[Black "Yanayt, Eugene"]
[WhiteFideId "22245561"]
[BlackFideId "2020165"]
[WhiteElo "2215"]
[BlackElo "2046"]
[Result "1-0"]
[Round "04"]
[TimeControl "180+1"]
[Date "2022.03.01"]
[WhiteClock "0:00:09"]
[BlackClock "0:00:13"]

1. Nf3 Nf6 2. g3 g6 3. b3 Bg7 4. Bb2 O-O 5. Bg2 d6 6. d4 c5 7. c4 Nc6 8. O-O Bf5 9. d5 Nb4 10. a3 Na6 11. Nh4 Bd7 12. e4 b5 13. Nc3 bxc4 14. bxc4 Rb8 15. Rb1 Qa5 16. Qc2 Ng4 17. Nb5 Bxb2 18. Qxb2 Ne5 19. Qe2 Nxc4 20. Nxa7 Rxb1 21. Rxb1 Nxa3 22. Rb7 Nb8 23. e5 c4 24. e6 fxe6 25. dxe6 Ba4 26. Rxe7 c3 27. Qe3 c2 28. Be4 Qc5 29. Bxg6 Qxe3 30. Bxh7+ 1-0


[Site "https://www.chess.com"]

[Event "Titled Tuesday Blitz March 01 Early 2022"]
[White "Dounis, Alexandros"]
[Black "Kretov, Evgenij"]
[WhiteFideId "4213238"]
[BlackFideId "4167821"]
[WhiteElo "2195"]
[BlackElo "2303"]
[Result "0-1"]
[Round "04"]
[TimeControl "180+1"]
[Date "2022.03.01"]
[WhiteClock "0:01:15"]
[BlackClock "0:01:31"]

1. Nf3 c5 2. g3 b6 3. Bg2 Bb7 4. O-O Nf6 5. c4 e6 6. d4 cxd4 7. Qxd4 d6 8. Nc3 a6 9. Bg5 Nbd7 10. Rfd1 Qc7 11. Rac1 Be7 12. b3 O-O 13. e4 Rfd8 14. h3 Rac8 15. Qe3 Ne5 16. Nxe5 dxe5 17. Na4 Rxd1+ 18. Rxd1 b5 19. Bxf6 Bxf6 20. cxb5 axb5 21. Nb6 Rd8 22. Rxd8+ Bxd8 23. Nd5 exd5 24. exd5 Be7 25. a4 bxa4 26. bxa4 Bc5 27. Qb3 Qb6 28. Qxb6 Bxb6 29. Kf1 Kf8 30. f4 exf4 31. gxf4 Ba6+ 32. Ke1 Ke7 33. Kd2 Kd6 34. Kc3 Kc5 35. Kb3 Bc4+ 36. Kc3 Ba5+ 37. Kc2 Bxd5 38. Bf1 Be4+ 39. Kb3 Kd4 40. Bb5 Bd5+ 41. Kc2 Ke4 42. f5 Kxf5 43. Bd3+ Kf6 44. Bxh7 g6 45. Kd3 Kg7 46. Bxg6 Kxg6 47. Kd4 Be6 48. Kc5 Bxh3 49. Kb5 Be1 50. a5 Bxa5 51. Ka6 f5 52. Kb7 f4 53. Kc6 f3 54. Kb5 f2 55. Kc6 f1=Q 56. Kb7 Qb5+ 57. Ka7 Qb6+ 58. Ka8 Bg2# 0-1


[Site "https://www.chess.com"]

[Event "Titled Tuesday Blitz March 01 Early 2022"]
[White "Dovbnia, Nikita"]
[Black "Osmonbekov, Talaibek"]
[WhiteFideId "54104599"]
[BlackFideId "2017253"]
[WhiteElo "2111"]
[BlackElo "2135"]
[Result "0-1"]
[Round "04"]
[TimeControl "180+1"]
[Date "2022.03.01"]
[WhiteClock "0:01:44"]
[BlackClock "0:01:27"]

1. Nf3 d6 2. d3 e5 3. g3 f5 4. Bg2 Nf6 5. O-O Be7 6. c4 O-O 7. Nc3 Qe8 8. e4 Qh5 9. Re1 Nc6 10. Nd5 Bd8 11. b3 a5 12. a4 Kh8 13. Bb2 f4 14. d4 Bg4 15. dxe5 dxe5 16. Qd3 fxg3 17. fxg3 Nxd5 18. cxd5 Nb4 19. Qe3 Bxf3 20. Bxe5 Qxe5 21. Bxf3 Nc2 0-1


[Site "https://www.chess.com"]

[Event "Titled Tuesday Blitz March 01 Early 2022"]
[White "Dubov, Daniil"]
[Black "Mitusov, Semen"]
[WhiteFideId "24126055"]
[BlackFideId "14151049"]
[WhiteElo "2791"]
[BlackElo "2246"]
[Result "1-0"]
[Round "04"]
[TimeControl "180+1"]
[Date "2022.03.01"]
[WhiteClock "0:01:35"]
[BlackClock "0:01:53"]

1. d4 d5 2. Nf3 Nf6 3. c4 e6 4. g3 dxc4 5. Bg2 Bd7 6. O-O Bc6 7. Nbd2 a6 8. Nxc4 b5 9. Nce5 Bd5 10. Ng5 Bxg2 11. Kxg2 Qd5+ 12. f3 Nbd7 13. e4 Qb7 14. Nexf7 Rg8 15. Qb3 Qb6 16. Ne5 Qxd4 17. Qxe6+ 1-0


[Site "https://www.chess.com"]

[Event "Titled Tuesday Blitz March 01 Early 2022"]
[White "Durarbayli, Vasif"]
[Black "Fus, Jakub"]
[WhiteFideId "13402935"]
[BlackFideId "1193023"]
[WhiteElo "2528"]
[BlackElo "2111"]
[Result "1-0"]
[Round "04"]
[TimeControl "180+1"]
[Date "2022.03.01"]
[WhiteClock "0:00:10"]
[BlackClock "0:00:10"]

1. e4 c6 2. d4 d5 3. exd5 cxd5 4. c4 Nf6 5. Nc3 g6 6. cxd5 Nxd5 7. Qb3 Nb6 8. Nf3 Bg7 9. Bb5+ Bd7 10. a4 O-O 11. Bxd7 Qxd7 12. a5 Nc8 13. O-O e6 14. Bf4 Ne7 15. Be5 Nbc6 16. Bxg7 Kxg7 17. Rfd1 Rab8 18. Ne4 Qd5 19. Qe3 Nf5 20. Qf4 Rfd8 21. g4 Nfxd4 22. Qf6+ Kg8 23. Nfg5 e5 24. Rd3 Ne2+ 25. Kf1 Ncd4 26. Rh3 h5 27. gxh5 Nf4 28. h6 Qc4+ 29. Kg1 Nxh3+ 30. Kh1 Nxf2+ 31. Kg2 1-0


[Site "https://www.chess.com"]

[Event "Titled Tuesday Blitz March 01 Early 2022"]
[White "Dziththauly, Ramadhan"]
[Black "Moskvin, Anatoly"]
[WhiteFideId "7105525"]
[BlackFideId "24199990"]
[WhiteElo "2586"]
[BlackElo "2079"]
[Result "1-0"]
[Round "04"]
[TimeControl "180+1"]
[Date "2022.03.01"]
[WhiteClock "0:00:19"]
[BlackClock "0:00:05"]

1. d4 Nf6 2. c4 c5 3. d5 b5 4. cxb5 a6 5. bxa6 Bxa6 6. Nc3 g6 7. e4 Bxf1 8. Kxf1 d6 9. Nf3 Bg7 10. g3 O-O 11. Kg2 Nbd7 12. a4 Qb6 13. Bd2 Rfb8 14. Qe2 Qb3 15. Rhb1 Nb6 16. Ra3 Qc4 17. Qe1 Ng4 18. Rc1 Qa6 19. b3 c4 20. b4 Nd7 21. b5 Qb7 22. a5 Nge5 23. Nxe5 Nxe5 24. Rb1 Nd3 25. Qe3 Qd7 26. b6 Nc5 27. Nb5 h5 28. Bc3 Rb7 29. Bxg7 Kxg7 30. Qc3+ f6 31. Qxc4 f5 32. Qd4+ Kh7 33. e5 Ne4 34. f3 Ng5 35. h4 dxe5 36. Qxe5 Nf7 37. Qe6 Qxe6 38. dxe6 Nd8 39. Nc7 Rxc7 40. bxc7 Nxe6 41. Rb8 Nxc7 42. Rxa8 Nxa8 43. Rc3 Nc7 44. Rxc7 1-0


[Site "https://www.chess.com"]

[Event "Titled Tuesday Blitz March 01 Early 2022"]
[White "Escudero Donoso, Felipe"]
[Black "Bambino Filho, Antonio Carlos"]
[WhiteFideId "3410595"]
[BlackFideId "2113163"]
[WhiteElo "2184"]
[BlackElo "2446"]
[Result "0-1"]
[Round "04"]
[TimeControl "180+1"]
[Date "2022.03.01"]
[WhiteClock "0:00:01"]
[BlackClock "0:00:20"]

1. Nf3 c5 2. c4 Nc6 3. Nc3 g6 4. e3 Bg7 5. d4 d6 6. d5 Ne5 7. Nxe5 Bxe5 8. Bd3 Nf6 9. h3 O-O 10. O-O e6 11. f4 Bxc3 12. bxc3 b6 13. e4 exd5 14. cxd5 c4 15. Bc2 Re8 16. Qd4 Qe7 17. Re1 Bb7 18. Ba3 Rac8 19. Rad1 Nh5 20. e5 dxe5 21. Bxe7 exd4 22. Rxd4 Nf6 23. d6 Nd7 24. Ba4 Bc6 25. Rxc4 b5 26. Rxc6 Rxc6 27. Bxb5 Rxd6 28. Bxd6 Rxe1+ 29. Kf2 Rd1 30. Bb8 Nf6 31. Bxa7 Ne4+ 32. Kf3 Nxc3 33. Bc4 Nxa2 34. Bf2 Nc3 35. Bb3 Rb1 36. Bc2 Rb2 37. Bd3 Nd5 38. Bd4 Rb4 39. Ke4 Nxf4 40. Bf1 Ne6 41. Ke5 Rxd4 42. Kf6 Rd2 0-1


[Site "https://www.chess.com"]

[Event "Titled Tuesday Blitz March 01 Early 2022"]
[White "Estrada Nieto, Julian"]
[Black "Alfaro, William"]
[WhiteFideId "5101018"]
[BlackFideId "6100457"]
[WhiteElo "2246"]
[BlackElo "2066"]
[Result "1/2-1/2"]
[Round "04"]
[TimeControl "180+1"]
[Date "2022.03.01"]
[WhiteClock "0:00:02"]
[BlackClock "0:01:09"]

1. e4 c5 2. Nf3 Nc6 3. Bb5 e6 4. O-O Nge7 5. Re1 g6 6. c3 Bg7 7. d4 cxd4 8. cxd4 d5 9. e5 O-O 10. Nc3 Bd7 11. Bf4 h6 12. h3 Qb6 13. Bxc6 Bxc6 14. Qd2 g5 15. Bh2 Ng6 16. Ne2 Bb5 17. Ng3 Nf4 18. Nf1 Nd3 19. Re3 Nf4 20. Bxf4 gxf4 21. Rb3 Qc6 22. Rc1 Qd7 23. Qxf4 f6 24. exf6 Rxf6 25. Qg4 Be2 26. Ng3 Bxf3 27. Rxf3 Rxf3 28. Qxf3 Rf8 29. Qg4 Qf7 30. Kh2 Kh8 31. Nh5 Rg8 32. Nxg7 Rxg7 33. Rc8+ Kh7 34. Qf3 Qxf3 35. gxf3 Kg6 36. Re8 Kf7 37. Rb8 Kf6 38. Rf8+ Kg5 39. Kg3 a6 40. a4 Kg6 41. Kf4 Rc7 42. Ke5 Rc6 43. h4 Kg7 44. Rf6 Rc2 45. Rxe6 Rxb2 46. Kxd5 Kf7 47. Rxh6 b5 48. axb5 Rxb5+ 49. Ke4 a5 50. Ra6 Rh5 51. f4 Ke7 52. f5 Rxh4+ 53. Ke5 Rh2 54. f4 Re2+ 55. Kd5 Ra2 56. f6+ Kf7 57. f5 a4 58. Kc4 a3 59. Kb4 Rd2 60. Rxa3 Rxd4+ 61. Kc5 Rf4 62. Ra6 Rxf5+ 63. Kd4 Rxf6 64. Rxf6+ Kxf6 1/2-1/2


[Site "https://www.chess.com"]

[Event "Titled Tuesday Blitz March 01 Early 2022"]
[White "Eynullayev, Atilla"]
[Black "Kozak, Adam"]
[WhiteFideId "13413570"]
[BlackFideId "753246"]
[WhiteElo "1979"]
[BlackElo "2459"]
[Result "1-0"]
[Round "04"]
[TimeControl "180+1"]
[Date "2022.03.01"]
[WhiteClock "0:00:15"]
[BlackClock "0:00:08"]

1. e4 c6 2. d4 d5 3. e5 c5 4. dxc5 e6 5. a3 Bxc5 6. Nf3 Ne7 7. Bd3 Nbc6 8. b4 Bb6 9. O-O a5 10. b5 Nd4 11. Nbd2 Bd7 12. a4 Rc8 13. Rb1 Qc7 14. Nxd4 Bxd4 15. Nf3 Bxe5 16. Nxe5 Qxe5 17. Bb2 Qg5 18. f4 Qh6 19. Qd2 b6 20. Rf3 d4 21. Bxd4 Qh5 22. Bxb6 Nd5 23. Bf2 f6 24. c4 Nb4 25. Rxb4 axb4 26. Qxb4 Qf7 27. a5 Rb8 28. Qd6 Rd8 29. Bb6 Rc8 30. Bc5 Rd8 31. Qb6 Bc8 32. Be4 Bd7 33. a6 f5 34. Bb7 e5 35. Bd5 Qh5 36. a7 e4 37. Rf1 Qh4 38. a8=Q Rxa8 39. Bxa8 h5 40. Qb8+ Qd8 41. Qxd8+ Kxd8 42. Bd5 Kc7 43. b6+ Kb8 44. Ra1 Bb5 45. Ra8# 1-0


[Site "https://www.chess.com"]

[Event "Titled Tuesday Blitz March 01 Early 2022"]
[White "FGHSMN"]
[Black "Rodchenkov, Sergey D."]
[BlackFideId "4168712"]
[WhiteElo "2690"]
[BlackElo "2306"]
[Result "1-0"]
[Round "04"]
[TimeControl "180+1"]
[Date "2022.03.01"]
[WhiteClock "0:01:37"]
[BlackClock "0:00:04"]

1. d4 d5 2. Nf3 Nf6 3. c3 c6 4. Qc2 g6 5. Bf4 Bf5 6. Qb3 Qb6 7. Nbd2 Nbd7 8. c4 e6 9. c5 Qxb3 10. axb3 a6 11. h3 h5 12. e3 Ne4 13. b4 Bg7 14. b5 Nxd2 15. Kxd2 a5 16. b6 Be4 17. Bd6 Bxf3 18. gxf3 e5 19. Kd3 Bf8 20. Bc7 f5 21. Be2 Kf7 22. Ra2 exd4 23. exd4 a4 24. Rha1 Be7 25. Bd1 Rhe8 26. Bxa4 Bf6 27. Bxc6 Rxa2 28. Bxd5+ Kg7 29. Rxa2 Re7 30. Bxb7 Nf8 31. Bd5 Re1 32. b7 Rd1+ 33. Ke2 Rc1 1-0


[Site "https://www.chess.com"]

[Event "Titled Tuesday Blitz March 01 Early 2022"]
[White "Federzoni, Enzo"]
[Black "Potapova, Margarita"]
[WhiteFideId "2173301"]
[BlackFideId "14126869"]
[WhiteElo "1956"]
[BlackElo "2209"]
[Result "0-1"]
[Round "04"]
[TimeControl "180+1"]
[Date "2022.03.01"]
[WhiteClock "0:00:05"]
[BlackClock "0:00:45"]

1. e4 c5 2. c3 Nf6 3. e5 Nd5 4. d4 d6 5. Nf3 cxd4 6. cxd4 Nc6 7. Bc4 Nb6 8. Bb3 dxe5 9. Nxe5 Nxe5 10. dxe5 Qxd1+ 11. Bxd1 e6 12. O-O Bd7 13. Bf3 O-O-O 14. Be3 Kb8 15. Nc3 Nc4 16. Bf4 h6 17. b3 Na5 18. Ne4 g5 19. Be3 Nc6 20. Nd6 Nxe5 21. Rfd1 f5 22. Be2 Bc6 23. f4 Bxd6 24. Bd4 gxf4 25. b4 Rhg8 26. b5 Bxg2 27. Bxe5 Bd5+ 28. Kf2 Bxe5 29. Rac1 Bf6 30. a4 Bh4+ 31. Kf1 Bg2+ 32. Kg1 Be4+ 33. Kf1 f3 34. Rxd8+ Rxd8 35. Bc4 Rc8 36. a5 Rxc4 37. Rxc4 Bd3+ 38. Kg1 f2+ 39. Kg2 f1=Q# 0-1


[Site "https://www.chess.com"]

[Event "Titled Tuesday Blitz March 01 Early 2022"]
[White "Gaehwiler, Gabriel"]
[Black "Zheenbekov, Nurgazy"]
[WhiteFideId "1314530"]
[BlackFideId "13800485"]
[WhiteElo "2383"]
[BlackElo "1959"]
[Result "0-1"]
[Round "04"]
[TimeControl "180+1"]
[Date "2022.03.01"]
[WhiteClock "0:00:38"]
[BlackClock "0:01:19"]

1. d4 d5 2. Nf3 Nf6 3. c4 e6 4. Nbd2 Be7 5. g3 O-O 6. Qc2 b6 7. Bg2 Bb7 8. O-O Nbd7 9. Rd1 dxc4 10. Nxc4 Be4 11. Qb3 c5 12. Bf4 cxd4 13. Nxd4 Nc5 14. Qb5 Bxg2 15. Kxg2 Qd5+ 16. f3 a6 17. Qxb6 Qxc4 18. b3 Nd5 19. Qc6 Qb4 20. Nc2 Nxf4+ 21. gxf4 Qxf4 22. Rd4 Qf6 23. Rad1 Qg6+ 24. Rg4 Qxc2 0-1


[Site "https://www.chess.com"]

[Event "Titled Tuesday Blitz March 01 Early 2022"]
[White "Garagulya, Konstantin"]
[Black "Pasti, Aron"]
[WhiteFideId "4128931"]
[BlackFideId "785857"]
[WhiteElo "2329"]
[BlackElo "2080"]
[Result "1-0"]
[Round "04"]
[TimeControl "180+1"]
[Date "2022.03.01"]
[WhiteClock "0:00:41"]
[BlackClock "0:00:03"]

1. d4 d5 2. Nf3 Nf6 3. c4 e6 4. Bg5 Be7 5. Nbd2 O-O 6. e3 Nbd7 7. Qc2 c6 8. Bd3 dxc4 9. Nxc4 b5 10. Nce5 Nxe5 11. Nxe5 Bb7 12. Nxc6 Bxc6 13. Qxc6 Qa5+ 14. Ke2 Rac8 15. Qf3 Qb4 16. Rhb1 h6 17. Bh4 Rc7 18. Bg3 Rcc8 19. Qb7 Bd6 20. a3 Qb3 21. Bxd6 Rfd8 22. Be7 Rc2+ 23. Bxc2 Qxc2+ 24. Kf1 Ng4 25. Bh4 Nxh2+ 26. Kg1 Ng4 27. Qf3 Qg6 28. Bxd8 f6 29. Bc7 e5 30. dxe5 fxe5 1-0


[Site "https://www.chess.com"]

[Event "Titled Tuesday Blitz March 01 Early 2022"]
[White "Gatterer, Florian"]
[Black "Romanchuk, Viktor"]
[WhiteFideId "811688"]
[BlackFideId "14109271"]
[WhiteElo "2218"]
[BlackElo "2242"]
[Result "1/2-1/2"]
[Round "04"]
[TimeControl "180+1"]
[Date "2022.03.01"]
[WhiteClock "0:02:17"]
[BlackClock "0:02:33"]

1. e4 e6 2. d4 d5 3. Nc3 dxe4 4. Nxe4 Nd7 5. Nf3 Ngf6 6. Nxf6+ Nxf6 7. Be3 Nd5 8. Qd2 Bb4 9. c3 Bd6 10. Bb5+ Bd7 11. Bd3 Qe7 12. O-O-O O-O-O 13. Kb1 Nxe3 14. Qxe3 Bc6 15. Rhe1 Bxf3 16. Qxf3 Qf6 17. Qe2 c6 18. g3 Bc7 19. f4 1/2-1/2


[Site "https://www.chess.com"]

[Event "Titled Tuesday Blitz March 01 Early 2022"]
[White "Gerbelli Neto, Eduardo"]
[Black "Kuzmin, Roman"]
[WhiteFideId "2103281"]
[BlackFideId "44134932"]
[WhiteElo "2178"]
[BlackElo "1978"]
[Result "0-1"]
[Round "04"]
[TimeControl "180+1"]
[Date "2022.03.01"]
[WhiteClock "0:00:13"]
[BlackClock "0:00:08"]

1. e4 c5 2. Nc3 e6 3. f4 Nc6 4. Nf3 d6 5. Bb5 Bd7 6. d3 a6 7. Bxc6 Bxc6 8. O-O Be7 9. Qe2 Nf6 10. e5 Nd7 11. exd6 Bxd6 12. Ne4 Be7 13. c4 h6 14. b3 Qc7 15. Bb2 Rg8 16. Ne5 Nxe5 17. Bxe5 Qd7 18. f5 O-O-O 19. fxe6 Qxe6 20. Bc3 f5 21. Ng3 Qxe2 22. Nxe2 Rxd3 23. Rxf5 Bg5 24. Raf1 Re8 25. Rf8 Be3+ 26. Kh1 Rxf8 27. Rxf8+ Kd7 28. h4 g5 29. hxg5 hxg5 30. Be5 Ke7 31. Rf1 Rd2 32. Bf6+ Ke8 33. Re1 Kf7 34. Bc3 Rc2 35. Kh2 Bf2 36. Rf1 Rxe2 37. Be1 Rxe1 38. Rxf2+ Kg6 39. Rd2 Re5 40. Kg3 Re1 41. Rd6+ Kf5 42. Rd2 Rg1 43. Kh2 Rxg2+ 44. Rxg2 Bxg2 45. Kxg2 Ke4 0-1


[Site "https://www.chess.com"]